 Dungeon Crawl Stone Soup version 0.19.1 (webtiles) character file.

15 sveltemanboy the Caller (level 2, -2/19 HPs)
             Began as a Mummy Summoner on Dec 9, 2016.
             Slain by a jackal (3 damage)
             ... on level 2 of the Dungeon.
             The game lasted 00:02:56 (965 turns).

sveltemanboy the Caller (Mummy Summoner)             Turns: 965, Time: 00:02:57

Health: -2/19      AC:  3    Str: 11    XL:     2   Next: 34%
Magic:  1/5        EV: 11    Int: 14    God:
Gold:   51         SH:  0    Dex: 12    Spells: 2 memorised, 2 levels left

rFire  x . .     SeeInvis .     f - +0 spear
rCold  + . .     Gourm    .     h - +0 leather armour (curse)
rNeg   + + +     Faith    .     (no shield)
rPois  ∞         Spirit   .     (no helmet)
rElec  .         Reflect  .     (no cloak)
rCorr  .         Harm     .     (no gloves)
MR     .....                    (no boots)
Stlth  +.........               (no amulet)
                                (no ring)
                                (no ring)

@: no status effects
A: no food or potions, fire vulnerability, cold resistance 1, negative energy
resistance 3, torment resistance, unbreathing
a: no special abilities


You were on level 2 of the Dungeon.
You were not hungry.

You visited 1 branch of the dungeon, and saw 2 of its levels.

You collected 51 gold pieces.

Inventory:

Hand Weapons
 f - a +0 spear (weapon)
Armour
 h - a cursed +0 leather armour (worn)
Scrolls
 c - a scroll of recharging {unknown}
 d - a scroll of identify {unknown}
 e - a scroll of enchant weapon {unknown}
 g - a scroll of teleportation {unknown}
Books
 b - a book of Callings

   Spells                             Type                      Level
   a - Summon Small Mammal            Summoning                    1
   b - Call Imp                       Summoning                    2
   c - Call Canine Familiar           Summoning                    3
   d - Summon Guardian Golem          Hexes/Summoning              3
   e - Summon Lightning Spire         Summoning/Air                4
   f - Summon Ice Beast               Ice/Summoning                4


   Skills:
 + Level 0.1 Polearms
 - Level 1.5 Dodging
 - Level 1.5 Stealth
 - Level 2.0 Spellcasting
 * Level 3.8 Summonings


You had 2 spell levels left.
You knew the following spells:

 Your Spells              Type           Power        Failure   Level  Hunger
a - Summon Small Mammal   Summ           ##..         10%         1    N/A
b - Call Imp              Summ           ##......     12%         2    N/A

Dungeon Overview and Level Annotations

Branches:
Dungeon (2/15)

Altars:
Qazlal


Innate Abilities, Weirdness & Mutations

You do not eat or drink.
Your flesh is vulnerable to fire.
You are immune to poison.
Your flesh is cold resistant. (rC+)
You are immune to negative energy. (rN+++)
You are immune to unholy pain and torment.
You can survive without breathing.


Message History

The adder bites you.
* * * LOW HITPOINT WARNING * * *
The jackal closely misses you.
Your bat hits the jackal.
Your shadow imp barely misses the adder.
The adder completely misses your bat.
Your crimson imp closely misses the adder.
Your bat hits the jackal but does no damage.
You can't drink.
Your bat hits the adder but does no damage.
The jackal completely misses you.
Your bat barely misses the jackal.
Your bat hits the jackal. The jackal closely misses you.
Your shadow imp hits the adder.
Your crimson imp hits the adder.
Your bat hits the adder.
The adder bites your crimson imp but does no damage.
Your shadow imp barely misses the adder.
Your crimson imp hits the adder but does no damage.
The jackal bites you.
You die...

#............. . ≈
#...(......# #.^#.§.
#...<......# ...#.^≈
#..........##......^.
######......[......#......
..#...$.†.5.......####...§.≈
...........S......####.^#≈§.
......†..b5h....)†..##.^.#^≈
...........@......#.##..≈^#.
........................≈..≈
..........########..........
..........# #...#.....§..
.........## #.##........#
..#....... ...#..........
#### ..%............
....#..........
..#......>...


You could see an adder, a jackal, a friendly crimson imp, a friendly shadow imp
and a friendly bat.

Vanquished Creatures
  2 bats (D:1)
  A goblin (D:2)
  A jackal (D:2)
  3 rats
7 creatures vanquished.

Vanquished Creatures (collateral kills)
  An ooze (D:1)
  A dart slug (D:1)
  A giant cockroach (D:1)
  A goblin (D:2)
  2 hobgoblins
  2 jackals (D:2)
  A kobold (D:2)
9 creatures vanquished.

Grand Total: 16 creatures vanquished

Notes
Turn   | Place    | Note
-------+----------+-------------------------------------------
     0 | D:1      | sveltemanboy the Mummy Summoner began the quest for the Orb.
     0 | D:1      | Reached XP level 1. HP: 13/13 MP: 3/3
   544 | D:1      | Reached XP level 2. HP: 19/19 MP: 5/5
   550 | D:1      | Learned a level 2 spell: Call Imp
   757 | D:2      | Found a stormy altar of Qazlal.
   965 | D:2      | Slain by a jackal

Action                   || total
-------------------------++-------
Melee: Unarmed           ||     4
       Spear             ||    18
 Cast: Summon Small Mamm ||    18
       Call Imp          ||     8
 Stab: Sleeping          ||     2
Armor: Robe              ||     4
       Leather armour    ||     3
Dodge: Dodged            ||    19
